 Dungeon Crawl Stone Soup version 0.29-a0-775-g4d7333d4e2 (webtiles) character file.

Game seed: 15166312786120907074

107 Mgcat the Trooper (level 4, -1/49 HPs)
             Began as an Ogre Cinder Acolyte on July 1, 2022.
             Was a Priest of Ignis.
             Slain by a gnoll
             ... wielding a +0 spear
              (5 damage)
             ... on level 2 of the Dungeon.
             The game lasted 00:02:58 (1703 turns).

Mgcat the Trooper (Ogre Cinder Acolyte)             Turns: 1703, Time: 00:02:58

Health: -1/49      AC: 10    Str: 20    XL:     4   Next: 85%
Magic:  7/7        EV:  9    Int: 15    God:    Ignis [***...]
Gold:   45         SH:  0    Dex:  4    Spells: 7/7 levels left

rFire   + . .      SeeInvis .   m - +4 whip (venom)
rCold   . . .      Faith    .   (no shield)
rNeg    . . .      Spirit   .   b - +0 robe
rPois   .          Reflect  .   (helmet restricted)
rElec   .          Harm     .   (no cloak)
rCorr   .          Rampage  .   (gloves unavailable)
Will    .....                   (boots unavailable)
Stlth   +.........              (no amulet)
HPRegen 0.16/turn               (no ring)
MPRegen 0.10/turn               (no ring)

@: fiery-armoured
A: large, unfitting armour, tough skin 1
a: Renounce Religion, Fiery Armour, Foxfire Swarm, Rising Flame


You were on level 2 of the Dungeon.
You worshipped Ignis.
Ignis was most pleased with you.
You visited 1 branch of the dungeon, and saw 2 of its levels.

You collected 45 gold pieces.

Inventory:

Hand Weapons
 a - a -1 hand axe of flaming
 m - a +4 whip of venom (weapon)
   (You found it on level 2 of the Dungeon)
Armour
 b - a +0 robe (worn)
Wands
 k - a wand of flame (12)
   (You found it on level 2 of the Dungeon)
Scrolls
 c - a scroll of vulnerability {unknown}
 e - a scroll of magic mapping {unknown}
 g - a scroll of identify {unknown}
 j - a scroll of fear {unknown}
Potions
 d - 2 potions of lignification {unknown}
 f - a potion of degeneration {unknown}
 h - 2 potions of invisibility
 i - a potion of might {unknown}
 l - a potion of ambrosia {unknown}


   Skills:
 + Level 4.8 Fighting
 * Level 4.1 Axes
 + Level 2.3 Spellcasting
 + Level 3.2 Fire Magic


You had 7 spell levels left.
You didn't know any spells.
Your spell library contained the following spells:

 Spells                   Type           Power      Damage    Failure   Level
 Scorch                   Fire           22%        2d6       9%          2


Dungeon Overview and Level Annotations

Branches:
Dungeon (2/15)

Altars:

Shops:
D:2 [


Innate Abilities, Weirdness & Mutations

You are too large for most types of armour.
You have tough skin. (AC +1)


Message History

A kobold and an endoplasm come into view.
The kobold shouts!
You hit the kobold. You burn the kobold.
You kill the kobold!
The endoplasm freezes you.
You are frozen.
You see here a +0 dagger.
You take 3 damage, and have 46/49 hp.
You completely miss the endoplasm. The endoplasm freezes you.
You are frozen.
You take 5 damage, and have 41/49 hp.
You slash the endoplasm! You burn the endoplasm.
You kill the endoplasm!
No target in view!
No target in view!
You see here a +4 whip of venom.
m - a +4 whip of venom You can't go down here!
Okay, then.
Unknown command.
Your -1 hand axe of flaming stops flaming.
Your +4 whip of venom begins to drip with poison!
m - a +4 whip of venom (weapon)
You see here a +0 dagger.
A gnoll comes into view. It is wielding a +0 club.
Health restored: 49 Spoiler Alert: The gnoll can hit for moderate damage in melee, and throws nets! 2 gnolls come into view.
Found a scroll labelled EMASUEC ILAIL.
Found Jupebats's Armour Shop.
Found a stone staircase leading up.
The gnoll shouts! x2
Warning x3: The gnoll can hit for moderate damage in melee, and throws nets! x3
The gnoll hits you with a +0 club.
The gnoll hits you from afar with a +0 spear!
You take 9 damage, and have 40/49 hp.
You barely miss the gnoll.
The gnoll hits you from afar with a +0 halberd.
The gnoll hits you with a +0 club! The gnoll barely misses you.
You take 12 damage, and have 28/49 hp.
MASSIVE DAMAGE!!
Warning x3: The gnoll can hit for moderate damage in melee, and throws nets! x3
You are too injured to fight recklessly!
You are too injured to fight recklessly!
You are too injured to fight recklessly!
The gnoll attacks as you move away! The gnoll hits you but does no damage.
A protective cloak of flame settles atop you.
The gnoll hits you but does no damage. The gnoll hits you with a +0 club.
The gnoll is burned by your cloak of flames.
The gnoll is lightly wounded.
The gnoll hits you but does no damage.
You take 4 damage, and have 25/49 hp.
Warning x3: The gnoll can hit for moderate damage in melee, and throws nets! x3
You whack the gnoll!
The gnoll is poisoned.
The gnoll is almost dead.
The gnoll hits you from afar with a +0 halberd.
The gnoll hits you but does no damage.
The gnoll is burned by your cloak of flames.
You kill the gnoll!
The gnoll barely misses you.
You take 3 damage, and have 22/49 hp.
Warning x2: The gnoll can hit for moderate damage in melee, and throws nets! x2
Saving game... please wait.
Options error: Bad object type '%}\|' for autopickup. (~/.crawlrc:1972) Bad channel name for runrest: 'Jiyva says: Divide and consume' Welcome back, Mgcat the Ogre Cinder Acolyte.
The flames of Ignis gently warm you.
Press ? for a list of commands and other information.
Warning x2: The gnoll can hit for moderate damage in melee, and throws nets! x2
The gnoll hits you with a +0 halberd.
The gnoll is burned by your cloak of flames.
The gnoll is moderately wounded.
The gnoll hits you from afar with a +0 spear.
You take 5 damage, and have 17/49 hp.
You hit the gnoll.
The gnoll is poisoned.
The gnoll is heavily wounded.
The gnoll hits you with a +0 halberd!
* * * LOW HITPOINT WARNING * * *
The gnoll is burned by your cloak of flames.
You kill the gnoll!
The gnoll hits you but does no damage.
You take 10 damage, and have 7/49 hp.
MASSIVE DAMAGE!!
Spoiler Alert: The gnoll can hit for moderate damage in melee, and throws nets!
The gnoll misses you.
Things that are here:
a +0 halberd; a +0 club; a gnoll corpse You barely miss the gnoll.
You punch the gnoll.
The gnoll is heavily wounded.
The gnoll hits you with a +0 spear.
* * * LOW HITPOINT WARNING * * *
The gnoll is burned by your cloak of flames.
The gnoll is severely wounded.
You take 4 damage, and have 4/49 hp.
Spoiler Alert: The gnoll can hit for moderate damage in melee, and throws nets!
You closely miss the gnoll.
The gnoll is severely wounded.
The gnoll barely misses you.
You hit the gnoll.
The gnoll is poisoned.
The gnoll is almost dead.
The gnoll hits you with a +0 spear.
You die...

♣♣♣♣♣## ♣♣.....##
♣♣♣ ♣♣♣.......#
..♣♣♣..♣♣♣♣♣#.####
♣..).♣♣♣ #....#
♣♣♣♣♣♣ ####.# #@#
#.[g.# ##.∩.#
#..... #.<##.. #?#
##.# .. .# .# .#


You could see a gnoll (very poisoned).

Vanquished Creatures
  Jessica (D:2)
  Natasha (D:2)
  2 gnolls (D:2)
  A dart slug (D:1)
  4 bats
  An endoplasm (D:2)
  A giant cockroach (D:2)
  4 goblins
  3 hobgoblins (D:1)
  2 jackals (D:2)
  5 kobolds
  2 quokkas (D:2)
  3 ball pythons
  3 frilled lizards
  3 rats
36 creatures vanquished.

Notes
Turn   | Place    | Note
-------+----------+-------------------------------------------
     0 | D:1      | Mgcat the Ogre Cinder Acolyte began the quest for the Orb.
     0 | D:1      | Reached XP level 1. HP: 24/24 MP: 2/2
   232 | D:1      | Reached XP level 2. HP: 13/32 MP: 4/4
   832 | D:1      | Found a faded altar of an unknown god.
  1072 | D:2      | Reached XP level 3. HP: 34/40 MP: 5/5
  1179 | D:2      | Noticed Jessica
  1184 | D:2      | Killed Jessica
  1185 | D:2      | Reached skill level 2 in Spellcasting
  1185 | D:2      | Reached skill level 3 in Fire Magic
  1227 | D:2      | Noticed Natasha
  1237 | D:2      | Killed Natasha
  1238 | D:2      | Reached XP level 4. HP: 22/49 MP: 7/7
  1458 | D:2      | Reached skill level 4 in Axes
  1691 | D:2      | Found Jupebats's Armour Shop.
  1699 | D:2      | HP: 7/49 [gnoll/+0 halberd (10)]
  1703 | D:2      | Slain by a gnoll

Illustrated notes

Levels and vault maps discovered:
D:1:      dpeg_arrival_rhombi, layout_loops_ring, ebering_ecumenical_altar_box,
          st_stairs_6
D:2:      kb_forest_paths, layout_loops_ring, serial_shops,
          nicolae_shop_waterfront, nicolae_shop_stone, shop, shop_fountains,
          chequers_serial_rivers_large_a, uniq_robin, uniq_natasha,
          uniq_terence, uniq_jessica

Skill      XL: |  1  2  3  4 |
---------------+-------------+-----
Spellcasting   | 2 |  2.3
Fire Magic     | 3 |  3.2
Axes           | 4 |  4.1
Fighting       | |  4.8

Action                   |  1- 3 |  4- 6 || total
-------------------------+-------+-------++-------
Melee: Hand axe          |    46 |    29 ||    75
       Whip              |       |     6 ||     6
       Punch             |       |     2 ||     2
Invok: Fiery Armour      |     5 |     1 ||     6
Armor: Robe              |    32 |    14 ||    46
Dodge: Dodged            |    34 |    19 ||    53

Table legend: (Time is in decaauts)
 A = Elapsed time spent in this place.
 B = Non-inter-level travel time spent in this place.
 C = Inter-level travel time spent in this place.
 D = Time resting spent in this place.
 E = Time spent auto-exploring this place.
 F = Levels seen in this place.
 G = Mean time per level.
                   A        B        C        D        E       F      G
               +--------+--------+--------+--------+--------+-----+--------+
         Total |   1719 |   1691 |     28 |    143 |   1342 |   2 |  859.5 |
       Dungeon |   1719 |   1691 |     28 |    143 |   1342 |   2 |  859.5 |
               +--------+--------+--------+--------+--------+-----+--------+

Top non-repeatable levels by time:
     D:1: 1007 daAuts
     D:2: 711 daAuts

Table legend:
 A = Kills in this place as a percentage of kills in entire the game.
 B = Kills by you in this place as a percentage of kills by you in the entire game.
 C = Kills by friends in this place as a percentage of kills by friends in the entire game.
 D = Other kills in this place as a percentage of other kills in the entire game.
 E = Experience gained in this place as a percentage of experience gained in the entire game.
 F = Experience gained in this place divided by the number of levels of this place that you have seen.
                   A       B       C       D       E      F
               +-------+-------+-------+-------+-------+----------------------
         Total | 100.0 | 100.0 |   N/A |   N/A | 100.0 |  76.5
       Dungeon | 100.0 | 100.0 |   N/A |   N/A | 100.0 |  76.5
               +-------+-------+-------+-------+-------+----------------------
